AoeStats
← EL GATO TECHERO

Arabia

508373184Analyzed
4v4 RM · 12d ago on Sep 22, 2026· 16m 1s· 8 players
Game mode
Random Map
Map size
Large (8 player)
Population
200
Speed
Normal
Resources
Standard
Victory
Conquest
Starting age
Dark Age
Ending age
Imperial Age
RankedLock teamsTeams togetherTeam positionsShared explorationLock speedFull tech treeHidden civsTurbo modeCheats
Victory
Defeat
🇨🇳 Franks · China
824
+18
🇨🇳 Jurchens · China
676
+23
🇧🇷 Japanese · Brazil
435
+30
🇨🇳 Italians · China
405
+30
🇵🇪 Italians · Peru
855
-25
🇲🇽 Britons · Mexico
854
-26
🇪🇸 Franks · Spain
831
-25
🇺🇸 Inca · United States
829
-25
renatomuzzi
1:04 Loom
12:12 Feudal Age
13:39 Double-Bit Axe
13:53 Man-at-Arms
我喜欢狐臭
6:37 Loom
12:28 Feudal Age
16:40 Bloodlines
noob
5:31 Loom
11:43 Feudal Age
12:31 Double-Bit Axe
乔巴
3:27 Loom
15:07 Feudal Age
PILLORA
0:45 Loom
11:38 Feudal Age
Lord Farquaad
5:50 Loom
EL GATO TECHERO
10:35 Feudal Age
12:06 Loom
13:29 Double-Bit Axe
[PKT]Luixpozo
3:20 Loom
13:48 Feudal Age
Connection lost

Rejoining the realm…

Still unreachable

The connection could not be restored.

Session expired

The server has moved on; the page needs a fresh start.